 Dungeon Crawl Stone Soup version 0.31-a0-152-g6aa68a64a1 (webtiles) character file.

Game seed: 18030014455193171307

123 qw the Shooter (level 5, 0/49 HPs)
             Began as a Naga Hunter on June 10, 2023.
             Slain by an orc
             ... wielding a +0 dagger
              (2 damage)
             ... on level 4 of the Dungeon.
             The game lasted 00:00:45 (1986 turns).

qw the Shooter (Naga Hunter)                        Turns: 1986, Time: 00:00:46

Health: 0/49       AC:  4    Str: 13    XL:     5   Next: 7%
Magic:  5/5        EV: 10    Int:  9    God:
Gold:   119        SH:  0    Dex: 23    Spells: 4/4 levels left

rFire   . . .        Y - +0 shortbow
rCold   . . .        (shield currently unavailable)
rNeg    . . .        c - +0 leather armour
rPois   +            (no helmet)
rElec   .            g - +0 cloak
rCorr   .            (no gloves)
SInv    +            (no barding)
Will    .....        (no amulet)
Stlth   ++           e - +6 ring of dexterity
HPRegen 0.28/turn    (no ring)
MPRegen 0.09/turn

%: no passive effects
@: short of breath, very slow
A: AC +1, large, see invisible, deformed body, poison resistance, slowness 2,
spit poison 1, naga tail 1
a: Spit Poison


You were on level 4 of the Dungeon.
You visited 1 branch of the dungeon, and saw 4 of its levels.

You collected 119 gold pieces.


Innate Abilities, Weirdness & Mutations

Your serpentine skin is tough. (AC +1)
You have supernaturally acute eyesight. (SInv)
Armour fits poorly on your strangely shaped body.
Your system is resistant to poisons. (rPois)
You cover ground very slowly.
You can spit poison.
You have a snake-like lower body.


   Skills:
 - Level 3.3 Fighting
 - Level 5.0 Ranged Weapons
 + Level 1.6 Dodging
 - Level 1.5 Stealth


You had 4 spell levels left.
You didn't know any spells.
Your spell library was empty.

Inventory:

Hand Weapons
 Y - a +0 shortbow (weapon)
Armour
 c - a +0 leather armour (worn)
 g - a +0 cloak (worn)
Jewellery
 a - a ring of willpower
 e - a +6 ring of dexterity (left hand)
 o - an amulet of the acrobat
Scrolls
 i - a scroll of identify
 p - a scroll of poison {unknown}
Potions
 b - a potion of resistance
 d - a potion of attraction {unknown}
 f - a potion of mutation {unknown}
 h - 2 potions of cancellation
 j - a potion of haste
 k - a potion of curing {unknown}
 l - 2 potions of might {unknown}
 m - a potion of degeneration {unknown}
 n - a potion of experience {unknown}

Dungeon Overview and Level Annotations

Branches:
Dungeon (4/15)
 Temple: D:4-7

Altars:
Hepliaklqana

Shops:
D:1 !


Message History

The splash of poison hits the orc wizard!
The orc wizard is poisoned.
You kill the orc wizard!
The orc closely misses you. The orc hits you with a +0 hand axe.
Your Fighting skill increases to level 3!
You have reached level 5!
You shoot an arrow. The arrow hits the orc.
The orc is lightly wounded.
The orc barely misses you. The orc closely misses you.
The orc hits you but does no damage. The orc hits you with a +0 hand axe.
You shoot an arrow. The arrow barely misses the orc.
The orc barely misses you. The orc hits you but does no damage.
The orc closely misses you.
You shoot an arrow.
The arrow hits the orc but does no damage.
The orc is lightly wounded.
You have got your breath back.
The orc closely misses you. x2; The orc hits you with a +0 hand axe.
1981 ||| INVOKING Spit Poison.
Aiming: Spit Poison (1% risk of failure)
Press: ? - help, Shift-Dir - straight line, f/p - orc The splash of poison hits the orc but does no damage.
The orc is poisoned.
The orc is lightly wounded.
The orc hits you with a +0 hand axe. The orc barely misses you.
The orc hits you with a +0 hand axe.
You shoot an arrow. The arrow closely misses the orc.
The orc misses you. The orc hits you but does no damage. x2
You shoot an arrow. The arrow hits the orc!
You kill the orc!
The orc closely misses you. x2
You shoot an arrow. The arrow barely misses the orc.
The orc hits you with a +0 hand axe. The orc hits you but does no damage.
You shoot an arrow. The arrow hits the orc.
The orc is moderately wounded.
The orc hits you with a +0 dagger. The orc hits you with a +0 hand axe.
You shoot an arrow. The arrow hits the orc.
The orc is severely wounded.
The orc hits you but does no damage. The orc hits you with a +0 dagger.
You die...

.....................
#<.#.#...............
#..#.#.######...#####
#......# #...#
##.#.### #...# ##...#
#...##### .....#
#...#... ####.#
#...#)#### #.#
#...@o...# ####.#
#####o##.# .....# ...
###### ..... ##..#..
..... .#.. .#..


You could see 2 orcs.

Vanquished Creatures
  An orc wizard (D:4)
  3 adders (D:2)
  2 worms
  4 dart slugs
  3 orcs (D:4)
  5 endoplasms
  6 goblins
  6 hobgoblins
  5 jackals
  A quokka (D:3)
  3 ball pythons
  4 bats
  5 frilled lizards
  A kobold (D:3)
  4 rats
53 creatures vanquished.

Notes
Turn   | Place    | Note
-------+----------+-------------------------------------------
     0 | D:1      | qw the Naga Hunter began the quest for the Orb.
     0 | D:1      | Reached XP level 1. HP: 19/19 MP: 1/1
     0 | D:1      | 0 ||| qw: Version: 0.2-a-29-g767f381
     0 | D:1      | 0 ||| qw: Game counter: 3911
     0 | D:1      | 0 ||| qw: Always use a shield: true
     0 | D:1      | 0 ||| qw: God list: Okawaru
     0 | D:1      | 0 ||| qw: Allow faded altars: false
     0 | D:1      | 0 ||| qw: Do Orc after D:15 true
     0 | D:1      | 0 ||| qw: Do second Lair branch before Depths: true
     0 | D:1      | 0 ||| qw: Lair rune preference: random
     0 | D:1      | 0 ||| qw: Plans: Normal
     0 | D:1      | 0 ||| PLANNING D:1-11
    25 | D:1      | Found Zecw's Distillery.
    34 | D:1      | 34 ||| SHOPLISTING 2 potions of cancellation (208 gold,
                  | have 0).
    34 | D:1      | 34 ||| SHOPLISTING potion of curing (39 gold, have 0).
    34 | D:1      | 34 ||| SHOPLISTING potion of haste (130 gold, have 0).
    34 | D:1      | 34 ||| SHOPLISTING potion of heal wounds (65 gold, have 0).
    58 | D:1      | 58 ||| INVOKING Spit Poison.
    63 | D:1      | 63 ||| INVOKING Spit Poison.
    68 | D:1      | 68 ||| INVOKING Spit Poison.
    74 | D:1      | Reached skill level 4 in Ranged Weapons
    74 | D:1      | Reached XP level 2. HP: 10/26 MP: 2/2
   187 | D:1      | 187 ||| INVOKING Spit Poison.
   195 | D:1      | 195 ||| INVOKING Spit Poison.
   272 | D:1      | 272 ||| INVOKING Spit Poison.
   285 | D:1      | 285 ||| INVOKING Spit Poison.
   491 | D:1      | 491 ||| UPGRADING to +6 ring of dexterity.
   492 | D:1      | 492 ||| READING 2 scrolls labelled DUDGHOI RIR SUUB.
   493 | D:1      | 493 ||| READING 3 scrolls labelled HEFOOCIUSM.
   494 | D:1      | 494 ||| READING scroll labelled HYBAQU BEFENG.
   495 | D:1      | 495 ||| DRINKING 2 sapphire potions.
   519 | D:1      | 519 ||| DRINKING 3 metallic clear potions.
   520 | D:1      | 520 ||| READING 2 scrolls of identify.
   520 | D:1      | 520 ||| IDENTIFYING green potion
   521 | D:1      | 521 ||| DROPPING scroll of blinking.
   522 | D:1      | 522 ||| DROPPING scroll of butterflies.
   523 | D:1      | 523 ||| DROPPING potion of ambrosia.
   524 | D:1      | 524 ||| DROPPING potion of lignification.
   537 | D:2      | 537 ||| INVOKING Spit Poison.
   543 | D:2      | 543 ||| INVOKING Spit Poison.
   572 | D:2      | 572 ||| INVOKING Spit Poison.
   573 | D:2      | Reached XP level 3. HP: 32/32 MP: 3/3
   681 | D:2      | 681 ||| INVOKING Spit Poison.
   685 | D:2      | 685 ||| INVOKING Spit Poison.
   736 | D:2      | 736 ||| INVOKING Spit Poison.
   755 | D:2      | 755 ||| INVOKING Spit Poison.
   796 | D:2      | 796 ||| INVOKING Spit Poison.
   805 | D:2      | 805 ||| INVOKING Spit Poison.
   815 | D:2      | 815 ||| INVOKING Spit Poison.
   819 | D:2      | Found a hazy altar of Hepliaklqana.
   823 | D:2      | 823 ||| FLEEEEING.
   824 | D:2      | 824 ||| FLEEEEING.
   825 | D:2      | 825 ||| FLEEEEING.
   826 | D:2      | 826 ||| FLEEEEING.
   827 | D:2      | 827 ||| FLEEEEING.
   828 | D:2      | 828 ||| FLEEEEING.
   829 | D:2      | 829 ||| FLEEEEING.
   830 | D:2      | 830 ||| FLEEEEING.
   831 | D:2      | 831 ||| FLEEEEING.
  1021 | D:2      | 1021 ||| INVOKING Spit Poison.
  1055 | D:2      | 1055 ||| INVOKING Spit Poison.
  1183 | D:2      | 1183 ||| INVOKING Spit Poison.
  1224 | D:2      | 1224 ||| INVOKING Spit Poison.
  1231 | D:2      | 1231 ||| INVOKING Spit Poison.
  1232 | D:2      | Reached skill level 5 in Ranged Weapons
  1232 | D:2      | Reached XP level 4. HP: 35/39 MP: 4/4
  1276 | D:2      | 1276 ||| INVOKING Spit Poison.
  1354 | D:2      | 1354 ||| READING 2 scrolls labelled ZISCHA MEUNA.
  1355 | D:2      | 1355 ||| READING 3 scrolls of identify.
  1355 | D:2      | 1355 ||| IDENTIFYING purple potion
  1356 | D:2      | 1356 ||| READING 2 scrolls of identify.
  1356 | D:2      | 1356 ||| IDENTIFYING smoky puce potion
  1357 | D:2      | 1357 ||| DROPPING scroll of magic mapping.
  1382 | D:3      | 1382 ||| INVOKING Spit Poison.
  1401 | D:3      | Found a faded altar of an unknown god.
  1416 | D:3      | 1416 ||| INVOKING Spit Poison.
  1425 | D:3      | Identified the +5 mace "Spiderslayer" {vamp, Drain Will++
                  | Stlth+}
  1430 | D:3      | 1430 ||| INVOKING Spit Poison.
  1436 | D:3      | 1436 ||| INVOKING Spit Poison.
  1440 | D:3      | 1440 ||| INVOKING Spit Poison.
  1476 | D:3      | 1476 ||| INVOKING Spit Poison.
  1481 | D:3      | 1481 ||| INVOKING Spit Poison.
  1713 | D:3      | 1713 ||| UPGRADING to +0 cloak.
  1718 | D:3      | 1718 ||| READING scroll labelled UWAUVO SOMA.
  1719 | D:3      | 1719 ||| READING scroll labelled QAYLUV VOPRIAT.
  1963 | D:4      | 1963 ||| INVOKING Spit Poison.
  1966 | D:4      | 1966 ||| INVOKING Spit Poison.
  1970 | D:4      | 1970 ||| INVOKING Spit Poison.
  1974 | D:4      | 1974 ||| INVOKING Spit Poison.
  1977 | D:4      | 1977 ||| INVOKING Spit Poison.
  1978 | D:4      | Reached skill level 3 in Fighting
  1978 | D:4      | Reached XP level 5. HP: 24/49 MP: 5/5
  1981 | D:4      | 1981 ||| INVOKING Spit Poison.
  1981 | D:4      | HP: 12/49 [orc/+0 hand axe (4)]
  1985 | D:4      | HP: 1/49 [orc/+0 hand axe (5)]
  1986 | D:4      | Slain by an orc

Levels and vault maps discovered:
D:1:      saegor_arrival_simple_c, layout_rooms, serial_shops,
          nicolae_shop_hallway_stairs
D:2:      layout_basic, basic_altar, grunt_decor_arrowhead
D:3:      layout_rooms, ebering_ecumenical_altar_sacrificial
D:4:      layout_loops_cross, nicolae_ru_path_of_blood, uniq_pikel

Skill      XL: |  1  2  3  4 |
---------------+-------------+-----
Ranged Weapons | 4 5 |  5.0
Fighting       | 3 |  3.3
Dodging        | |  1.6
Stealth        | |  1.5

Action                     |  1- 3 |  4- 6 || total
---------------------------+-------+-------++-------
   Fire: Shortbow          |    46 |    43 ||    89
Ability: Spit Poison       |    22 |    14 ||    36
    Use: Scroll            |     4 |     5 ||     9
         Potion            |     2 |       ||     2
 Armour: Leather armour    |     1 |    11 ||    12
  Dodge: Dodged            |     9 |    19 ||    28

Table legend:
 A = Non-vault XP
 B = Vault XP
 C = Vault XP percentage of total XP
 D = Non-vault monster count
 E = Vault monster count
 F = Vault count percentage of total count
                 A         B        C        D         E       F
            +---------+---------+-------+---------+---------+-------
      Total |     177 |       0 |   0.0 |      53 |       0 |   0.0
            +---------+---------+-------+---------+---------+-------
        D:1 |      24 |       0 |   0.0 |      14 |       0 |   0.0
        D:2 |      76 |       0 |   0.0 |      18 |       0 |   0.0
        D:3 |      33 |       0 |   0.0 |      17 |       0 |   0.0
        D:4 |      44 |       0 |   0.0 |       4 |       0 |   0.0
            +---------+---------+-------+---------+---------+-------
